Map: 베를린그라드 - 래더

Players

GuMiho

  • Race: Terran Terran

DPGZest (Zest) - Winner!

  • Race: Protoss Protoss
  • League: Master

Event: DreamHack SC2 Masters Last Chance 2022

VOD

Have the link to the VOD?

Description

Time

  • Played on: Dec. 15, 2021, 4:22 a.m.
  • Length: 13:49

All games in this series

Show
View Real Time Build Order
Export as new Build Order

GuMiho Terran 

Build Orders:  

Get SALT Encoding   

  12  0:00  SCV  
  13  0:12  SCV  
  14  0:16  Supply Depot  
  14  0:24  SCV  
  15  0:38  SCV  
  15  0:41  Barracks  
  16  0:50  SCV  
  17  1:02  SCV  
  17  1:04  Refinery  
  18  1:14  SCV  
  19  1:28  Marine, Orbital Command  
  20  1:34  Command Center  
  20  1:43  Supply Depot  
  20  1:46  Barracks Tech Lab  
  20  1:54  SCV  
  21  2:05  Marauder, Concussive Shells  
  21  2:06  SCV  
  24  2:11  Barracks  
  24  2:18  SCV  
  24  2:20  Refinery  
  25  2:26  Marauder  
  27  2:30  SCV  
  27  2:36  Bunker  
  28  2:40  Engineering Bay  
  28  2:49  Marauder  
  29  2:57  Orbital Command  
  29  2:59  SCV  
  29  3:02  Barracks Reactor  
  30  3:12  Stimpack, Marine  
  31  3:16  SCV  
  31  3:22  SCV  
  31  3:25  Terran Infantry Weapons Level 1  
  32  3:28  SCV  
  32  3:32  Supply Depot, Marine  
  34  3:35  SCV  
  34  3:39  Marine x2  
  34  3:40  SCV  
  38  3:48  Factory, SCV  
  39  3:51  Marine  
  39  3:52  SCV  
  41  3:57  Marine x2  
  41  4:01  SCV  
  44  4:04  Supply Depot  
  44  4:05  SCV  
  45  4:12  Marine  
  45  4:13  SCV  
  45  4:15  Marine x2  
  45  4:17  SCV  
  50  4:20  Supply Depot  
  50  4:25  SCV  
  50  4:29  SCV  
  50  4:32  Starport  
  50  4:37  SCV  
  48  4:39  Marine x3  
  48  4:41  SCV  
  48  4:42  Factory Reactor  
  52  4:49  Missile Turret, SCV  
  52  4:51  Combat Shield  
  53  4:53  SCV  
  53  4:58  Supply Depot, Marine x3  
  57  5:01  SCV  
  57  5:05  SCV  
  59  5:08  Supply Depot  
  59  5:11  Medivac  
  59  5:13  SCV  
  62  5:14  Supply Depot  
  62  5:21  Widow Mine x2  
  60  5:25  SCV x2, Marine x2  
  60  5:26  Marauder  
  56  5:32  Missile Turret  
  56  5:42  Widow Mine x2  
  60  5:43  Marine x2  
  60  5:46  Marine  
  60  5:47  Medivac  
  62  5:51  SCV x2  
  64  5:59  Refinery  
  64  6:00  Refinery  
  64  6:01  Marine x2  
  64  6:03  SCV x2  
  68  6:04  Marine, Terran Infantry Armor Level 1  
  68  6:06  Armory  
  69  6:14  Barracks  
  69  6:15  SCV x2  
  69  6:16  Factory Reactor  
  71  6:21  Starport Reactor  
  71  6:22  Barracks  
  71  6:29  Command Center  
  71  6:30  SCV  
  71  6:32  SCV  
  73  6:38  Marine x2  
  75  6:42  Marine  
  66  6:51  SCV x2  
  68  6:56  Widow Mine x2, Marine x2  
  68  7:00  Supply Depot  
  74  7:01  Medivac x2, Barracks  
  74  7:03  Marauder, Marine  
  74  7:05  Marine  
  74  7:06  SCV x2  
  84  7:13  Barracks Tech Lab  
  84  7:15  Marine x2  
  86  7:18  SCV x2  
  88  7:25  Marauder  
  79  7:37  Marine  
  79  7:38  Marauder, Marine x3  
  73  7:44  Widow Mine x2  
  73  7:45  Medivac x2  
  73  7:46  Marauder, SCV x2  
  85  7:55  Marine x2  
  85  7:56  Marine  
  86  8:01  Command Center  
  86  8:04  Marauder  
  86  8:05  Barracks Tech Lab, Marine  
  87  8:07  Widow Mine x2, Marine  
  93  8:14  SCV x2  
  93  8:15  Terran Infantry Weapons Level 2  
  93  8:16  Liberator x2  
  93  8:17  Marine  
  102  8:23  Marine  
  102  8:25  Supply Depot  
  102  8:26  Marauder  
  105  8:33  Marauder x2, Marine  
  109  8:35  Marine  
  109  8:37  Marine  
  111  8:49  Marauder, Marine  
  111  8:51  Marine  
  111  8:53  Marine  
  111  8:54  Marauder, Marine x2  
  120  8:58  Supply Depot  
  120  8:59  Supply Depot  
  120  9:03  Liberator  
  120  9:05  Liberator  
  120  9:09  Marine  
  126  9:12  Marine x3  
  126  9:15  Supply Depot  
  129  9:23  Orbital Command  
  129  9:24  SCV x2  
  131  9:25  Marine x2  
  133  9:34  Marine  
  133  9:35  Marauder x2, Marine  
  116  9:49  Marauder, Marine x2  
  116  9:52  Widow Mine x2, Marine  
  119  9:53  Marine  
  119  9:57  Liberator  
  115  10:07  Liberator  
  115  10:08  Ghost Academy  
  115  10:13  Marauder x2, Marine x2  
  124  10:17  Marauder  
  124  10:18  Marine x2  
  128  10:31  Marine x2  
  128  10:35  Marauder x2  
  133  10:36  Marine x2  
  133  10:37  Marine  
  135  10:49  Marine  
  136  10:54  Liberator x2  
  136  10:55  Ghost x2  
  136  10:56  Marine  
  147  10:57  Marine  
  148  11:04  Supply Depot  
  148  11:06  Supply Depot  
  148  11:11  Marauder, Marine  
  148  11:12  Marine  
  150  11:24  Marauder  
  152  11:26  Marine  
  152  11:27  Marauder, Marine  
  152  11:29  Marine  
  159  11:33  Marauder  
  132  11:46  Marauder  
  113  11:48  Marauder  
  113  11:50  Viking x2  
  113  11:51  Widow Mine x2, Marine x2  
  113  11:52  Marine x2  
  120  12:01  Marauder  
  121  12:07  Marine  
  119  12:14  Refinery  
  119  12:15  Refinery, Enhanced Shockwaves  
  118  12:24  Medivac, Command Center  
  118  12:26  Medivac  
  122  12:39  Starport  
  120  12:45  Marauder x2, Marine x3  
  120  12:46  Marauder, Marine  
  129  12:54  Viking  
  131  13:01  Sensor Tower  
  131  13:07  Marauder  
  131  13:12  Marine  
  131  13:13  Marauder x2, Marine  
  131  13:16  Viking x3  
Show
View Real Time Build Order
Export as new Build Order

DPGZest Protoss - Winner!

Build Orders: Oracle Opening 

Get SALT Encoding   

  12  0:00  Probe  
  13  0:12  Probe  
  14  0:19  Pylon  
  14  0:24  Probe  
  15  0:37  Gateway, Probe (Chrono Boost)  
  16  0:47  Assimilator, Probe (Chrono Boost)  
  17  0:52  Probe (Chrono Boost)  
  18  1:03  Probe  
  19  1:15  Probe  
  20  1:25  Cybernetics Core  
  20  1:27  Zealot  
  20  1:32  Pylon  
  22  1:48  Nexus  
  22  1:51  Probe  
  23  1:58  Adept (Chrono Boost)  
  25  2:01  Warp Gate (Chrono Boost)  
  25  2:05  Probe  
  26  2:10  Assimilator  
  26  2:16  Pylon  
  26  2:19  Adept (Chrono Boost)  
  28  2:27  Probe  
  29  2:39  Probe  
  30  2:51  Probe, Stargate  
  29  2:59  Stalker  
  29  3:03  Probe  
  29  3:04  Probe  
  33  3:15  Probe  
  33  3:16  Probe  
  35  3:27  Probe  
  35  3:28  Probe  
  35  3:31  Oracle (Chrono Boost)  
  37  3:38  Pylon  
  37  3:39  Probe  
  37  3:40  Probe  
  42  3:44  Stalker  
  44  3:52  Probe x2  
  44  3:53  Shield Battery  
  46  3:57  Pylon  
  46  3:59  Oracle (Chrono Boost)  
  49  4:04  Probe x2  
  49  4:09  Gateway  
  51  4:11  Gateway  
  51  4:16  Probe x2  
  53  4:18  Assimilator  
  53  4:28  Probe x2  
  53  4:29  Oracle (Chrono Boost)  
  58  4:40  Probe x2  
  60  4:47  Assimilator  
  60  4:48  Sentry  
  60  4:51  Pylon  
  62  5:01  Nexus  
  62  5:08  Pylon  
  62  5:09  Probe x2  
  62  5:10  Stalker x2  
  68  5:14  Stalker  
  66  5:25  Probe x2  
  68  5:30  Twilight Council, Forge  
  68  5:31  Robotics Facility  
  68  5:36  Shield Battery  
  68  5:37  Probe x2  
  70  5:49  Void Ray (Chrono Boost), Probe x2  
  69  5:55  Gateway  
  69  5:56  Gateway  
  69  6:00  Protoss Ground Weapons Level 1  
  69  6:01  Probe x2  
  75  6:06  Photon Cannon  
  75  6:07  Photon Cannon  
  75  6:08  Blink (Chrono Boost)  
  75  6:17  Photon Cannon  
  75  6:23  Photon Cannon  
  75  6:24  Stalker  
  77  6:29  Stalker  
  77  6:31  Immortal (Chrono Boost)  
  83  6:40  Probe (Chrono Boost)  
  83  6:44  Probe (Chrono Boost)  
  83  6:45  Probe (Chrono Boost)  
  76  6:48  Sentry  
  77  6:57  Probe x2 (Chrono Boost), Sentry x2  
  77  6:58  Probe (Chrono Boost)  
  83  7:02  Stalker x2  
  83  7:03  Probe x2 (Chrono Boost)  
  83  7:05  Probe (Chrono Boost)  
  90  7:10  Observer  
  90  7:11  Probe x2  
  93  7:32  Probe x3  
  70  7:44  Stalker x2, Probe  
  70  7:45  Stalker x3  
  79  8:00  Charge (Chrono Boost)  
  79  8:03  Immortal (Chrono Boost)  
  73  8:09  Gateway  
  73  8:10  Gateway  
  73  8:12  Stalker x5, Observer  
  87  8:13  Gateway, Pylon  
  87  8:14  Probe x2  
  87  8:15  Assimilator, Probe, Pylon  
  87  8:17  Protoss Ground Armor Level 1 (Chrono Boost)  
  87  8:19  Assimilator  
  90  8:22  Pylon  
  90  8:24  Observer, Pylon  
  90  8:26  Probe x2  
  92  8:32  Probe  
  92  8:33  Immortal (Chrono Boost)  
  93  8:38  Probe  
  97  8:49  Zealot x5  
  97  8:53  Pylon  
  97  8:54  Pylon  
  97  8:55  Pylon  
  107  9:05  Observer (Chrono Boost)  
  107  9:07  Stalker x3  
  114  9:11  Stalker  
  114  9:12  Stalker x3  
  114  9:14  Sentry  
  124  9:21  Photon Cannon  
  124  9:23  Gateway  
  124  9:25  Gateway  
  124  9:26  Observer (Chrono Boost)  
  125  9:36  Zealot x7  
  137  9:42  Stalker, Observer (Chrono Boost)  
  104  9:55  Robotics Facility  
  104  9:56  Robotics Bay  
  104  9:58  Sentry  
  104  9:59  Observer, Zealot x5  
  116  10:04  Shield Battery  
  116  10:06  Sentry  
  116  10:07  Sentry  
  120  10:11  Immortal (Chrono Boost)  
  123  10:16  Protoss Ground Weapons Level 2 (Chrono Boost)  
  123  10:26  Zealot x6  
  135  10:42  Colossus x2 (Chrono Boost)  
  131  10:48  Extended Thermal Lance  
  139  10:58  Observer  
  139  11:00  Pylon  
  139  11:01  Nexus  
  139  11:02  Observer, Pylon  
  139  11:08  Stalker x3  
  145  11:16  Stalker x2  
  148  11:25  Colossus (Chrono Boost)  
  148  11:29  Observer  
  160  11:39  Colossus (Chrono Boost)  
  136  11:41  Zealot x6  
  128  12:07  Templar Archives  
  128  12:08  Warp Prism (Chrono Boost)  
  131  12:23  Observer  
  131  12:25  Zealot x10  
  131  12:29  Photon Cannon  
  151  12:35  Probe x3  
  154  12:45  Probe  
  154  12:46  Zealot  
  154  12:47  Probe x2  
  154  12:48  Probe  
  160  12:54  High Templar x6  
  160  12:55  Zealot x3  
  160  12:58  Archon x3  
  178  13:03  Observer x2  
  175  13:28  Zealot x8  
  175  13:29  Zealot  
  159  13:37  Stalker  

Tags
 
Add a new tag
Caveats
  • Supply blocks, unpowered buildings, or Contaminate may cause inaccurate times.
  • Supply counts are checked every 10 seconds.